Unix NetHack Version 5.0.0-0 post-release - last build Jun 10 2026 00:39:30 (3ee93aec679c4c4259841fe613dc97188e26a321,branch:main).

Game began 2026-06-18 16:25:44, ended 2026-06-18 17:12:17.

ARFwashere, chaotic male elven Wizard

                                                                 ---
                                                                |0.|
                                                              ---..|
                                                             --)...|
                                                             |Gh).@-
                                                             |.|..-..
                                                             -.|)...--
                                                             . |G----   --
                                                   |..       ---.--    ..|
                                                   |....    .|....---....|
                                                      ..... -............---
                                                        -..................|
                                                        -..........|.......|
                                                         --........| .....--
                                                        ............. ....|
                                                         -.--........| ...-
                                                         .  |....|..-- -...
                                                        --  ---------    ...|
                                                                         -..|
                                                                          ---

ARFwashere the Conjurer   St:25 Dx:16 Co:15 In:16 Wi:11 Ch:9  Chaotic
Dlvl:5  $:169 HP:0(29) Pw:68(68) AC:4  Xp:5 T:2006 

Latest messages:
 The kitten drops a bow.
 You hear a chugging sound.
 You see here 9 arrows.
 The little dog misses!
 You miss the little dog.
 The little dog bites!
 You miss the little dog.
 The little dog bites!
 The gnome lord shoots 2 arrows!
 You are hit by the 1st arrow.
 You are hit by the 2nd arrow.
 You climb up the stairs.
 The grid bug is hit by a rock!
 The grid bug is killed!
 The grid bug is hit by a rock!
 The grid bug is killed!
 You descend the stairs.
 There is a staircase up to level 4 here.
 You see here an arrow.
 The little dog bites!
 The kitten misses the little dog.
 The little dog bites!
 The kitten misses the little dog.
 You kill the little dog!
 Your kitten eats a little dog corpse.
 The gnome lord shoots an arrow!
 You are hit by an arrow.
 In what direction? h
 The dagger misses the gnome lord.
 The gnome lord picks up a dagger.
 In what direction? h
 The dagger hits the gnome lord!
 The gnome picks up a bow.
 The gnome lord picks up a dagger.
 In what direction? h
 The dagger hits the gnome lord!
 The gnome lord picks up a dagger.
 In what direction? h
 The dagger hits the gnome lord!
 The dwarf king zaps a wand of fire!
 The kitten is killed by the bolt of fire!
 The bolt of fire hits you!
 Your cloak smoulders!
 Your scroll of identify catches fire and burns!
 You die...
 Do you want your possessions identified? [ynq] (y) y
 Do you want to see your attributes? [ynq] (y) y
 Do you want an account of creatures vanquished? [ynaq] (y) n
 Do you want to see your conduct and achievements? [ynq] (y) n
 Do you want to see the dungeon overview? [ynq] (y) n

Inventory:
 Coins    ('$')
  $ - 169 gold pieces
 Weapons  (')')
  J - 2 +0 daggers (at the ready)
  F - a +1 elven dagger
  a - a blessed +1 quarterstaff (weapon in hands)
 Armor    ('[')
  C - an uncursed +0 helm of brilliance (being worn)
  z - an uncursed +0 pair of gauntlets of power (being worn)
  b - an uncursed burnt +0 cloak of magic resistance (being worn)
  y - an uncursed +0 leather armor (being worn)
 Comestibles  ('%')
  w - an uncursed cream pie
  u - 3 uncursed food rations
 Scrolls  ('?')
  G - an uncursed scroll of blank paper
  q - an uncursed scroll of enchant weapon
  i - an uncursed scroll of remove curse
  j - an uncursed scroll of teleportation
 Spellbooks  ('+')
  m - an uncursed spellbook of detect unseen
  l - a blessed spellbook of force bolt
 Potions  ('!')
  h - an uncursed potion of enlightenment
  g - an uncursed potion of gain ability
  r - a cursed potion of gain ability
  p - 3 uncursed potions of healing
  f - an uncursed potion of levitation
  s - a blessed potion of monster detection
  A - an uncursed potion of see invisible
 Rings    ('=')
  x - an uncursed ring of invisibility
  e - an uncursed +2 ring of protection (on right hand)
  d - an uncursed ring of protection from shape changers
  I - an uncursed ring of see invisible
 Wands    ('/')
  c - a wand of undead turning (0:8)
 Tools    ('(')
  o - an uncursed tooled horn
  B - an uncursed tooled horn
  E - an uncursed leash
  n - a magic marker (0:20)
  H - a blessed oil lamp

ARFwashere the Wizard's attributes:

Background:
 You were a Conjurer, a level 5 male elven Wizard.
 You were chaotic, on a mission for Anhur
 who was opposed by Ptah (lawful) and Thoth (neutral).
 You were right-handed.
 You were in the Gnomish Mines, on level 5.
 You entered the dungeon 2006 turns ago.
 You had 271 experience points, 49 more were needed to attain level 6.

Basics:
 You had 0 out of 29 hit points.
 You had all 68 energy points (spell power).
 Your armor class was 4.
 Your wallet contained 169 zorkmids.
 Autopickup was on for '$' plus thrown.

Final Characteristics:
 Your strength was 25 (base:9, innate limit:18).
 Your dexterity was 16 (limit:18).
 Your constitution was 15 (limit:16).
 Your intelligence was 16 (limit:20).
 Your wisdom was 11 (limit:20).
 Your charisma was 9 (limit:18).

Final Status:
 You weren't hungry.
 You were unencumbered.
 You were wielding a quarterstaff.
 You had basic skill with quarterstaff.

Final Attributes:
 You were devoutly aligned.
 You were magic-protected.
 You were sleep resistant.
 You were poison resistant.
 You had infravision.
 You had a small defense bonus (+2).
 You were guarded.
 You are dead.

Miscellaneous:
 You didn't encounter any bones levels.
 Total elapsed playing time was 46 minutes and 32 seconds.

Major events:
 Turn
    1: ARFwashere the chaotic male elven Wizard entered the dungeon
  898: attained the rank of Conjurer (level 3)
 1422: entered the Gnomish Mines
 2006: killed by a bolt of fire zapped by a dwarf king

Spells:
 Name                 Level Category     Fail Retention
 force bolt             1   attack         0%   81%-90%
 detect unseen          3   divination   100%  76%-100%

Skills:
 Fighting Skills
   bare handed combat [Unskilled]
   riding             [Unskilled]
 Weapon Skills
   dagger             [Unskilled]
   knife              [Unskilled]
   axe                [Unskilled]
   short sword        [Unskilled]
   club               [Unskilled]
   mace               [Unskilled]
   quarterstaff       [Basic]
   polearms           [Unskilled]
   spear              [Unskilled]
   trident            [Unskilled]
   sling              [Unskilled]
   dart               [Unskilled]
   shuriken           [Unskilled]
 Spellcasting Skills
   attack spells      [Basic]
   healing spells     [Unskilled]
   divination spells  [Unskilled]
   enchantment spells [Basic]
   clerical spells    [Unskilled]
   escape spells      [Unskilled]
   matter spells      [Unskilled]

Voluntary challenges:
 Character rerolling was not enabled.
 You were illiterate.
 You never genocided any monsters.
 You never polymorphed an object.
 You never changed form.
 You used no wishes.
Achievements:
 You entered a shop.
 You attained the rank of Conjurer.
 You entered the Gnomish Mines.

 The Dungeons of Doom: levels 1 to 3
    Level 1:
       Many fountains.
    Level 2:
       A general store.
    Level 3:
       A general store, a grave.
       Stairs down to The Gnomish Mines.
 The Gnomish Mines: levels 4 to 5
    Level 4:
    Level 5: <- You were here.
       Final resting place for
          you, killed by a bolt of fire zapped by a dwarf king.


Vanquished creatures:
  a dwarf ruler
  2 leprechauns
  a rock piercer
  2 gnome leaders
  a little dog
  a kitten
  3 dwarves
  a rothe
 an acid blob
  2 coyotes
  a hobbit
  a giant rat
  2 cave spiders
  a green mold
 14 gnomes
  a gecko
  a jackal
  2 foxes
  a kobold
  a goblin
  4 grid bugs
  3 lichens
  a newt
48 creatures vanquished.

No species were genocided or became extinct.

Game over:
                       ----------
                      /          \
                     /    REST    \
                    /      IN      \
                   /     PEACE      \
                  /                  \
                  |    ARFwashere    |
                  |      169 Au      |
                  | killed by a bolt |
                  |  of fire zapped  |
                  | by a dwarf king  |
                  |                  |
                  |       2026       |
                 *|     *  *  *      | *
        _________)/\\_//(\/(/\)/\//\/|_)_______

Goodbye ARFwashere the Wizard...

You died in The Gnomish Mines on dungeon level 5 with 1447 points,
and 169 pieces of gold, after 2006 moves.
You were level 5 with a maximum of 29 hit points when you died.

